 Dungeon Crawl Stone Soup version 0.21.1-1-g345015fe64 (webtiles) character file.

67977 Oravi the Nimble (level 15, 0/122 HPs)
             Began as a Merfolk Transmuter on May 4, 2018.
             Was the Champion of Okawaru.
             Killed by divine providence
             ... invoked by a meliai
              (14 damage)
             ... on level 14 of the Dungeon.
             The game lasted 02:39:16 (25046 turns).

Oravi the Nimble (Merfolk Transmuter)              Turns: 25046, Time: 02:39:17

Health: 0/122      AC:  2    Str: 11    XL:     15   Next: 25%
Magic:  33/38      EV: 39    Int: 19    God:    Okawaru [******]
Gold:   1616       SH:  0    Dex: 19    Spells: 10/35 levels left

rFire    . . .     SeeInvis .     - Unarmed
rCold    . . .     Gourm    .   (shield currently unavailable)
rNeg     . . .     Faith    .   (armour currently unavailable)
rPois    .         Spirit   .   (helmet currently unavailable)
rElec    .         Reflect  .   (cloak currently unavailable)
rCorr    .         Harm     .   (gloves currently unavailable)
MR       +....                  (boots currently unavailable)
Stlth    +++.......             R - amulet of regeneration
HPRegen  0.70/turn              p - ring of poison resistance
MPRegen  0.26/turn              r - ring of magical power

@: spider-form (expiring), heroism, very slightly contaminated
A: tiny, (change form in water), (swift swim), (stealthy swim), MP-powered wands
a: End Transformation, Heroism, Finesse, Renounce Religion


You were on level 14 of the Dungeon.
You worshipped Okawaru.
Okawaru was exalted by your worship.
You were not hungry.
You were a venomous arachnid creature.
You visited 3 branches of the dungeon, and saw 21 of its levels.
You also visited: Labyrinth, Sewer and Volcano.

You collected 1616 gold pieces.

Inventory:

Missiles
 a - 413 arrows
Armour
 m - the +1 pair of boots of the Constellations (melded) {Str+4 Int+2}
   (Okawaru gifted it to you on level 1 of the Lair of Beasts)

   It affects your strength (+4).
   It affects your intelligence (+2).
 y - a scarf of cloud immunity
 H - a +2 cloak of fire resistance (melded)
 V - a +1 pair of gloves of dexterity (melded)
 X - a +2 hat (melded)
 Y - the +3 leather armour of Chimes (melded) {rCorr Str+6 Int+4}
   (You found it on level 4 of the Lair of Beasts)

   It affects your strength (+6).
   It affects your intelligence (+4).
   It protects you from acid and corrosion.
Jewellery
 f - an uncursed ring of stealth
 g - an uncursed ring of protection from fire
 p - a ring of poison resistance (left front leg)
 r - a ring of magical power (right front leg)
 s - an uncursed ring of see invisible
 t - an uncursed ring of flight
 I - an uncursed ring of positive energy
 K - an uncursed ring of protection from magic
 O - an uncursed ring of protection from fire
 R - an amulet of regeneration (around neck)
Wands
 j - a wand of disintegration (21)
 l - a wand of paralysis (55)
 u - a wand of iceblast (51)
 v - a wand of flame (8)
 z - a wand of random effects (73)
 M - a wand of polymorph (36)
 N - a wand of scattershot (6)
 Q - a wand of acid (25)
 W - a wand of digging (7)
Scrolls
 n - 3 scrolls of fear
 o - 9 scrolls of remove curse
 E - 4 scrolls of fog
 G - 6 scrolls of teleportation
 T - a scroll of blinking
Potions
 i - 4 potions of haste
 k - 7 potions of curing
 q - 5 potions of invisibility
 x - a potion of cancellation
 A - 5 potions of might
 B - 4 potions of brilliance
 C - 3 potions of resistance
 F - a potion of ambrosia
 J - 4 potions of flight
 L - 2 potions of agility
Miscellaneous
 b - a phial of floods
 c - a fan of gales
 D - a lightning rod (4/4)
Comestibles
 d - 46 rations


   Skills:
 + Level 12.3(17.3) Fighting
 + Level 14.5(19.5) Dodging
 + Level 13.0(18.0) Unarmed Combat
 + Level 10.8 Spellcasting
 + Level 0.1 Hexes
 + Level 0.2 Translocations
 - Level 14.0 Transmutations
 - Level 5.1 Ice Magic
 - Level 5.0 Earth Magic
 - Level 3.0 Poison Magic
 + Level 1.9 Invocations


You had 10 spell levels left.
You knew the following spells:

 Your Spells              Type           Power        Failure   Level  Hunger
a - Spider Form           Tmut/Pois      #####.....   4%          3    None
b - Sticks to Snakes      Tmut           ######..     1%          2    None
c - Ice Form              Ice/Tmut       #####...     6%          4    ##.....
d - Blade Hands           Tmut           ######....   3%          5    ####...
e - Petrify               Tmut/Erth      #####...     6%          4    ##.....
f - Blink                 Tloc           N/A          24%         2    None
g - Yara's Violent Unrav  Hex/Tmut       #####.....   26%         5    ####...


Dungeon Overview and Level Annotations

Branches:
Dungeon (14/15)            Temple (1/1) D:5            Lair (6/6) D:10
  Swamp (0/4) Lair:2       Spider (0/4) Lair:4        Slime (0/5) Lair:5
    Orc (0/2) D:11
 Vaults: D:13-14

Altars:
Ashenzari
Cheibriados
Dithmenos
Elyvilon
Fedhas
Gozag
Hepliaklqana
Kikubaaqudgha
Makhleb
Nemelex Xobeh
Okawaru
Qazlal
Ru
Sif Muna
Trog
Uskayaw
Vehumet
Wu Jian
Xom
Yredelemnul
Zin
The Shining One
Jiyva

Shops:
D:13 [

Annotations:
D:13 exclusion: door
Lair:5 1 runed door


Innate Abilities, Weirdness & Mutations

((You revert to your normal form in water.))
((You are very nimble and swift while swimming.))
((You are very stealthy in the water. (Stealth+)))
((You have a pair of small horns on your head.))
You expend magic power (3 MP) to strengthen your wands.


Message History

* * * LOW HITPOINT WARNING * * *
Your adder closely misses the meliai.
The meliai misses your adder. The meliai stings your adder!
Your adder looks as sick as possible!
The meliai poisons your adder!
Your adder barely misses the meliai.
Okay, then.
Blink to where?
Press: ? - help, Dir - move target cursor You are very lightly contaminated with residual magic.
As you read the scroll of blinking, it crumbles to dust.
Something hits your adder.
Your adder dies!
Okay, then.
Casting: Sticks to Snakes
Confirm with . or Enter, or press ? or * to list all spells.
You create 4 snakes!
You now have 413 arrows.
You swap places.
The meliai calls down the wrath of its god upon you.
Something smites you!
You die... #.#y# #y#.# #.#.# #y#.# #.#.# #.# #y##### #SSS.S#

#####s#
##.#####.#
.......<.#
##.#####†#
#.# #.#
#.# #.#
...


You could see a meliai and 4 friendly adders.

Vanquished Creatures
  A fire dragon (Lair:6)
  A minotaur (Lab)
  An ogre mage (Volcano)
  An ice dragon (D:12)
  5 hydras
  3 centaur warriors
  A catoblepas (Lair:3)
  A tengu warrior (D:12)
  2 death yaks (Lair:6)
  7 two-headed ogres
  A hell knight (Volcano)
  2 unseen horrors (D:13)
  Pikel (D:5)
  A lindwurm (Lair:6)
  A cyclops (D:13)
  3 ugly things
  3 manticores
  2 slime creatures (D:12)
  6 elephants (Lair:3)
  8 black mambas
  3 molten gargoyles (Lair:6)
  Psyche (D:8)
  2 torpor snails
  8 spiny frogs
  11 komodo dragons
  4 rime drakes
  2 trolls
  5 jumping spiders (Lair:4)
  A hornet (Lair:1)
  25 blink frogs
  4 hippogriffs
  3 redbacks (Lair:4)
  Sigmund (D:6)
  A spriggan (Lair:1)
  2 hungry ghosts
  4 basilisks
  39 yaks
  Eustachio (D:5)
  4 wyverns
  4 humans (D:13)
  3 vampire mosquitoes
  A steam dragon (Lair:6)
  Menkaure (D:6)
  6 swamp worms
  14 water moccasins
  Duvessa (D:7)
  4 hell hounds (Lair:6)
  5 porcupines
  3 sky beasts
  3 black bears
  2 necrophages
  8 orc warriors
  3 ice beasts
  2 eyes of draining
  6 ogres
  4 phantoms
  2 slaves (D:5)
  43 wolves
  6 centaurs
  5 big kobolds
  13 crocodiles
  19 bullfrogs
  4 wights (D:12)
  11 killer bees
  Dowan (D:7)
  2 spriggan skeletons (Lab)
  8 howler monkeys
  8 electric eels
  6 crimson imps
  3 lava snakes (Lair:6)
  3 bullfrog zombies
  2 quasits (D:8)
  3 centaur zombies
  9 hounds
  7 orc priests
  3 jellies
  A bullfrog skeleton (D:8)
  5 centaur skeletons
  4 iguanas
  16 orc wizards
  10 worker ants
  Ijyb (D:4)
  2 hell rats (Lair:6)
  A killer bee zombie (D:7)
  2 ogre skeletons (Lab)
  A hound zombie (D:7)
  2 howler monkey zombies
  11 gnolls
  15 adders
  8 river rats (Lair:6)
  2 shadow imps
  An adder skeleton (D:4)
  A worm (D:2)
  7 leopard geckos
  66 orcs
  6 bats
  12 giant cockroaches
  7 goblins
  7 hobgoblins
  22 jackals
  6 quokkas
  4 ball pythons
  9 frilled lizards
  42 kobolds
  A quokka skeleton (D:4)
  14 rats
  A plant (Sewer)
687 creatures vanquished.

Vanquished Creatures (collateral kills)
  A hydra (Lair:1)
  A meliai (D:14)
  Grinder (D:4)
  A yak (Lair:6)
  A centaur (D:13)
5 creatures vanquished.

Vanquished Creatures (others)
  A slave (D:5)
  A bullfrog skeleton (D:5)
  17 fungi
  7 plants
26 creatures vanquished.

Grand Total: 718 creatures vanquished

Notes
Turn   | Place    | Note
-------+----------+-------------------------------------------
     0 | D:1      | Oravi the Merfolk Transmuter began the quest for the Orb.
     0 | D:1      | Reached XP level 1. HP: 15/15 MP: 3/3
   150 | D:1      | Reached XP level 2. HP: 17/21 MP: 1/5
   974 | D:2      | Reached XP level 3. HP: 20/26 MP: 4/6
   978 | D:2      | Learned a level 2 spell: Sticks to Snakes
   982 | D:2      | Learned a level 3 spell: Spider Form
  1175 | D:2      | Reached skill level 1 in Poison Magic
  1217 | D:2      | Reached XP level 4. HP: 32/32 MP: 2/7
  1271 | D:2      | Found a hazy altar of Hepliaklqana.
  1596 | D:3      | Reached XP level 5. HP: 37/37 MP: 4/8
  2309 | D:3      | Reached XP level 6. HP: 28/44 MP: 6/9
  2369 | D:3      | Reached skill level 5 in Transmutations
  2568 | D:4      | Noticed Ijyb
  2582 | D:4      | Killed Ijyb
  2582 | D:4      | Reached skill level 5 in Unarmed Combat
  2851 | D:4      | Noticed Grinder
  2869 | D:4      | Killed Grinder
  2869 | D:4      | Reached XP level 7. HP: 25/51 MP: 2/11
  3270 | D:4      | Paralysed by an orc for 5 turns
  3503 | D:5      | Entered Level 5 of the Dungeon
  3508 | D:5      | Found a glowing drain.
  3533 | Sewer    | Entered a sewer
  4187 | D:5      | Found a staircase to the Ecumenical Temple.
  4197 | Temple   | Entered the Ecumenical Temple
  4370 | Temple   | Became a worshipper of Warmaster Okawaru
  4508 | D:5      | Reached XP level 8. HP: 44/58 MP: 10/13
  4566 | D:5      | Learned a level 4 spell: Ice Form
  4569 | D:5      | Reached skill level 5 in Dodging
  4577 | D:5      | Learned a level 5 spell: Blade Hands
  4609 | D:5      | Reached * piety under Okawaru
  4845 | D:5      | Reached skill level 1 in Ice Magic
  5208 | D:5      | Noticed Pikel
  5224 | D:5      | Killed Pikel
  5224 | D:5      | Reached ** piety under Okawaru
  5224 | D:5      | Reached XP level 9. HP: 18/66 MP: 15/15
  5976 | D:6      | Noticed Sigmund
  6466 | D:6      | Noticed Menkaure
  6539 | D:6      | Noticed Eustachio
  6615 | D:6      | Killed Menkaure
  6615 | D:6      | Reached skill level 5 in Fighting
  6651 | D:6      | Reached *** piety under Okawaru
  6874 | D:5      | Killed Eustachio
  7033 | D:6      | Killed Sigmund
  7033 | D:6      | Reached skill level 5 in Spellcasting
  7596 | D:7      | Noticed Dowan
  7603 | D:7      | Reached XP level 10. HP: 46/76 MP: 17/17
  7742 | D:7      | Noticed Duvessa
  7754 | D:7      | Killed Dowan
  7768 | D:7      | Killed Duvessa
  8234 | D:7      | Reached **** piety under Okawaru
  8468 | D:7      | Gained mutation: Potions are less effective at restoring your health. [potion of mutation]
  8468 | D:7      | Gained mutation: You have a pair of small antennae on your head. [potion of mutation]
  8469 | D:7      | Lost mutation: Potions are less effective at restoring your health. [potion of mutation]
  8469 | D:7      | Lost mutation: You have a pair of small antennae on your head. [potion of mutation]
  8469 | D:7      | Gained mutation: You expend magic power (3 MP) to strengthen your wands. [potion of mutation]
  8469 | D:7      | Gained mutation: You have a pair of small horns on your head. [potion of mutation]
  8927 | D:7      | Noticed a centaur warrior
  8941 | D:7      | Killed a centaur warrior
  8941 | D:7      | Reached skill level 5 in Ice Magic
  9471 | D:8      | Reached ***** piety under Okawaru
  9935 | D:8      | Noticed Psyche
  9942 | D:8      | Killed Psyche
 10503 | D:9      | Got a spiked leather armour
 10642 | D:9      | Identified a scroll of acquirement
 10643 | D:9      | Got a glittering steel amulet
 10644 | D:9      | Identified the amulet "Cowudin" {Faith +Blink rN+ Int-4} (You acquired it on level 9 of the Dungeon)
 10659 | D:9      | Noticed a two-headed ogre
 10765 | D:8      | Killed a two-headed ogre
 10765 | D:8      | Reached skill level 10 in Transmutations
 10765 | D:8      | Reached XP level 11. HP: 70/84 MP: 20/20
 11075 | D:10     | Entered Level 10 of the Dungeon
 11549 | D:10     | Noticed a centaur warrior
 11560 | D:10     | Killed a centaur warrior
 11939 | D:10     | Reached skill level 10 in Dodging
 12022 | D:10     | Found a staircase to the Lair.
 12161 | D:10     | Noticed a two-headed ogre
 12167 | D:10     | Killed a two-headed ogre
 12167 | D:10     | Received a gift from Okawaru
 12278 | D:10     | Identified the +0 leather armour "Rytefic" {+Fly Int+5} (You found it on level 9 of the Dungeon)
 12340 | D:11     | Reached ****** piety under Okawaru
 12345 | D:11     | Found a staircase to the Orcish Mines.
 12490 | D:11     | Noticed a manticore
 12506 | D:11     | Killed a manticore
 12653 | D:11     | Noticed a purple ugly thing
 12665 | D:11     | Killed a purple ugly thing
 12712 | D:11     | Noticed a brown ugly thing
 12719 | D:11     | Killed a brown ugly thing
 13108 | D:12     | Reached XP level 12. HP: 57/94 MP: 23/23
 13243 | D:12     | Reached skill level 10 in Unarmed Combat
 13490 | D:12     | Noticed an ice dragon
 14070 | D:12     | Received a gift from Okawaru
 14071 | D:12     | Got a fine quarterstaff {god gift}
 14084 | D:12     | Identified the +9 quarterstaff "Ojughof" {flame, *Slow +Inv rPois rC+} (Okawaru gifted it to you on level 12 of the Dungeon)
 14202 | D:13     | Noticed a tengu warrior
 14242 | D:12     | Killed a tengu warrior
 14379 | D:13     | Learned a level 4 spell: Petrify
 14480 | D:13     | Found Zioth's Antique Armour Shoppe.
 14539 | D:13     | Reached skill level 1 in Earth Magic
 14609 | D:13     | Noticed a centaur warrior
 14627 | D:13     | Killed a centaur warrior
 15313 | Lair:1   | Entered Level 1 of the Lair of Beasts
 15441 | Lair:1   | Noticed a five-headed hydra
 15465 | Lair:1   | Killed a five-headed hydra
 15465 | Lair:1   | Reached XP level 13. HP: 74/103 MP: 22/25
 15662 | Lair:1   | Reached skill level 10 in Fighting
 16357 | Lair:1   | Received a gift from Okawaru
 16363 | Lair:1   | Got a pair of smoking boots {god gift}
 16577 | Lair:2   | Identified the +1 pair of boots of the Constellations {Str+4 Int+2} (Okawaru gifted it to you on level 1 of the Lair of Beasts)
 17132 | Lair:2   | Found a staircase to the Swamp.
 18835 | Lair:4   | Found a dark tunnel.
 18843 | Lair:4   | Reached XP level 14. HP: 111/111 MP: 27/27
 18875 | Volcano  | Entered a volcano
 19071 | Volcano  | Received a gift from Okawaru
 19674 | Lair:4   | Got a fine leather armour
 19698 | Lair:4   | Identified the +3 leather armour of Chimes {rCorr Str+6 Int+4} (You found it on level 4 of the Lair of Beasts)
 19860 | Lair:4   | Found a hole to the Spider Nest.
 20218 | Lair:5   | Found a labyrinth entrance.
 20243 | Lab      | Entered a labyrinth
 20916 | Lab      | Identified the Catalogue of the Arsonist
 20934 | Lair:5   | Identified a +0 pair of boots of running (You found it in a labyrinth)
 21060 | Lair:5   | Reached skill level 10 in Spellcasting
 21273 | Lair:5   | Reached skill level 5 in Earth Magic
 22052 | Lair:5   | Found a runed door.
 22052 | Lair:5   | Found a viscous altar of Jiyva.
 22052 | Lair:5   | Found a staircase to the Slime Pits.
 22052 | Lair:5   | Noticed an azure jelly
 22126 | Lair:6   | Entered Level 6 of the Lair of Beasts
 22592 | Lair:6   | Received a gift from Okawaru
 22594 | Lair:6   | Got a slimy scimitar {god gift}
 23755 | Lair:6   | Reached XP level 15. HP: 104/120 MP: 29/29
 23796 | Lair:6   | Received a gift from Okawaru
 24120 | Lair:6   | Reached skill level 1 in Invocations
 24140 | Lair:6   | Found a large runed door.
 24140 | Lair:6   | Found a large runed door.
 24614 | D:10     | Learned a level 2 spell: Blink
 24893 | D:10     | Learned a level 5 spell: Yara's Violent Unravelling
 25046 | D:14     | Killed from afar by a meliai

Skill      XL: |  1  2  3  4  5  6  7  8  9 10 11 12 13 14 15 |
---------------+----------------------------------------------+-----
Transmutations | 3 4 5 6 7 8 10 11 12 13 14 | 14.0
Unarmed Combat | 4 5 6 7 8 9 10 11 12 13 | 13.0
Poison Magic   | 1 2 3 |  3.0
Dodging        | 3 4 6 7 9 10 11 12 14 | 14.5
Fighting       | 2 3 4 5 7 8 9 10 12 | 12.3
Spellcasting   | 3 4 5 6 7 8 9 10 | 10.8
Ice Magic      | 2 4 5 |  5.1
Earth Magic    | 2 4 5 |  5.0
Invocations    | 1 |  1.9
Hexes          | |  0.1
Translocations | |  0.2

Action                   |  1- 3 |  4- 6 |  7- 9 | 10-12 | 13-15 || total
-------------------------+-------+-------+-------+-------+-------++-------
Melee: Unarmed           |   102 |   159 |   452 |   899 |  1089 ||  2701
       Headbutt          |     5 |       |       |     8 |    39 ||    52
       Tailslap          |       |       |    12 |       |       ||    12
       Punch             |       |       |       |     4 |    10 ||    14
 Cast: Beastly Appendage |    19 |       |       |       |       ||    19
       Spider Form       |     6 |    26 |    52 |    73 |    64 ||   221
       Sticks to Snakes  |       |     3 |     1 |     6 |    12 ||    22
       Ice Form          |       |       |       |     3 |     6 ||     9
       Blade Hands       |       |       |       |     6 |    21 ||    27
       Petrify           |       |       |       |     6 |    48 ||    54
Invok: Heroism           |       |       |       |     6 |    12 ||    18
       Finesse           |       |       |       |       |     1 ||     1
 Abil: End Transformatio |       |       |     3 |     5 |    18 ||    26
Evoke: Wand              |       |       |       |     5 |     6 ||    11
       Lightning rod     |       |       |       |       |     1 ||     1
  Use: Scroll            |     2 |     6 |     9 |    18 |    11 ||    46
       Potion            |       |       |     2 |     3 |     8 ||    13
 Stab: Sleeping          |     1 |     3 |       |       |     1 ||     5
       Petrified         |       |       |       |    18 |    37 ||    55
       Petrifying        |       |       |       |       |     2 ||     2
  Eat: Chunk             |     2 |     9 |    21 |    30 |    33 ||    95
       Ration            |       |       |       |     1 |     1 ||     2
Armor: Robe              |    14 |     3 |     6 |     1 |       ||    24
       Skin              |       |     7 |    12 |    18 |    41 ||    78
       Leather armour    |       |       |       |    10 |    41 ||    51
Dodge: Dodged            |    63 |   125 |   328 |   893 |  1294 ||  2703
Block: Other             |       |       |    41 |    35 |       ||    76
       Reflection        |       |       |       |     3 |       ||     3
